 Dungeon Crawl Stone Soup version 0.28-a0-823-gb444dcf96d (webtiles) character file.

Game seed: 1132051507978798230

0 Leonidas the Shield-Bearer (level 1, 0/18 HPs)
             Began as a Human Fighter on Nov 9, 2021.
             Slain by a hobgoblin (1 damage)
             ... on level 1 of the Dungeon.
             The game lasted 00:00:56 (86 turns).

Leonidas the Shield-Bearer (Human Fighter)            Turns: 86, Time: 00:00:57

Health: 0/18       AC:  6    Str: 16    XL:     1   Next: 11%
Magic:  1/1        EV:  9    Int:  8    God:
Gold:   0          SH:  4    Dex: 12    Spells: 0/0 levels left

rFire   . . .      SeeInvis .   a - +0 long sword
rCold   . . .      Faith    .   c - +0 buckler
rNeg    . . .      Spirit   .   b - +0 scale mail
rPois   .          Reflect  .   (no helmet)
rElec   .          Harm     .   (no cloak)
rCorr   .          Rampage  .   (no gloves)
Will    .....                   (no boots)
Stlth   ..........              (no amulet)
HPRegen 0.06/turn               (no ring)
MPRegen 0.07/turn               (no ring)

@: no status effects
A: no striking features
a: no special abilities


You were on level 1 of the Dungeon.
You visited 1 branch of the dungeon, and saw 1 of its levels.

Inventory:

Hand Weapons
 a - a +0 long sword (weapon)
Armour
 b - a +0 scale mail (worn)
 c - a +0 buckler (worn)
Scrolls
 e - a scroll of identify {unknown}
Potions
 d - a potion of might


   Skills:
 + Level 3.0 Fighting
 + Level 2.0 Long Blades
 + Level 3.0 Armour
 + Level 3.0 Shields


You couldn't memorise any spells.
You didn't know any spells.
Your spell library was empty.

Dungeon Overview and Level Annotations

Branches:
Dungeon (1/15)

Altars:


Message History

The hobgoblin is severely wounded.
The hobgoblin completely misses you.
You closely miss the hobgoblin.
The hobgoblin is severely wounded.
You block the hobgoblin's attack.
You hit the frilled lizard but do no damage.
You block the hobgoblin's attack. The frilled lizard barely misses you.
The hobgoblin hits you but does no damage.
You barely miss the frilled lizard. You block the frilled lizard's attack.
The hobgoblin hits you but does no damage.
You barely miss the frilled lizard. The frilled lizard closely misses you.
You block the hobgoblin's attack. You block the frilled lizard's attack.
You closely miss the frilled lizard. The hobgoblin hits you.
You block the frilled lizard's attack.
The hobgoblin hits you but does no damage.
You miss the frilled lizard. The frilled lizard bites you.
* * * LOW HITPOINT WARNING * * *
The hobgoblin closely misses you.
You miss the frilled lizard. The frilled lizard closely misses you.
The hobgoblin misses you.
The frilled lizard bites you but does no damage.
You barely miss the frilled lizard. The hobgoblin hits you.
* * * LOW HITPOINT WARNING * * *
The frilled lizard bites you but does no damage.
The hobgoblin hits you but does no damage.
You closely miss the frilled lizard.
The frilled lizard bites you but does no damage.
The hobgoblin closely misses you.
You barely miss the frilled lizard. You block the frilled lizard's attack.
You block the hobgoblin's attack.
The frilled lizard bites you but does no damage.
You slash the frilled lizard!
You kill the frilled lizard!
The hobgoblin hits you but does no damage.
The hobgoblin barely misses you.
The hobgoblin hits you but does no damage.
You closely miss the hobgoblin.
The hobgoblin is severely wounded.
The hobgoblin hits you.
You die...

#.#..####.#♣....⌠.♣♣.♣
#.........#♣.♣P....♣.♣
#.#.#######♣.♣P♣P....♣
# #...# ###♣P♣♣♣♣♣...♣
###.# #.'.........<♣
#.# #.#♣♣♣♣♣♣♣♣♣♣♣
#.###.#######
#.###.g.........#
#.....@.........#
#.###############


You could see a hobgoblin.

Vanquished Creatures
  A frilled lizard (D:1)
1 creature vanquished.

Notes
Turn   | Place    | Note
-------+----------+-------------------------------------------
     0 | D:1      | Leonidas the Human Fighter began the quest for the Orb.
     0 | D:1      | Reached XP level 1. HP: 18/18 MP: 1/1
    86 | D:1      | Slain by a hobgoblin

Illustrated notes

Levels and vault maps discovered:
D:1:      psy_arrival_fountain, layout_basic

Action                   || total
-------------------------++-------
Melee: Long sword        ||    16
Armor: Scale mail        ||    10
Dodge: Dodged            ||     8
Block: Buckler           ||     9

Table legend: (Time is in decaauts)
 A = Elapsed time spent in this place.
 B = Non-inter-level travel time spent in this place.
 C = Inter-level travel time spent in this place.
 D = Time resting spent in this place.
 E = Time spent auto-exploring this place.
 F = Levels seen in this place.
 G = Mean time per level.
                   A        B        C        D        E       F      G
               +--------+--------+--------+--------+--------+-----+--------+
         Total |     90 |     54 |     36 |      0 |      0 |   1 |   90.0 |
       Dungeon |     90 |     54 |     36 |      0 |      0 |   1 |   90.0 |
               +--------+--------+--------+--------+--------+-----+--------+

Top non-repeatable levels by time:
     D:1: 90 daAuts
